 Dungeon Crawl Stone Soup version 0.27-a0-1196-g3e9cee4cb2 (webtiles) character file.

Game seed: 14745968707697310465

1383 bilbop the Sneak (level 8, -1/50 HPs)
             Began as a Djinni Venom Mage on May 30, 2021.
             Slain by a phantom (7 damage)
             ... on level 6 of the Dungeon.
             The game lasted 00:30:24 (7283 turns).

bilbop the Sneak (Djinni Venom Mage)                Turns: 7283, Time: 00:30:24

Health: -1/50      AC:  6    Str:  7    XL:     8   Next: 99%
Gold:   216        EV: 13    Int: 19    God:
                   SH:  0    Dex: 14

rFire    + + .     SeeInvis .   b - +0 dagger
rCold    x . .     Faith    .   (no shield)
rNeg     . . .     Spirit   .   a - +0 robe
rPois    ∞         Reflect  .   u - +1 hat {Will+}
rElec    .         Harm     .   q - +2 cloak
rCorr    .         Rampage  .   (no gloves)
Will     +....                  (boots unavailable)
Stlth    +++.......             (no amulet)
HPRegen  0.16/turn              (no ring)
MPRegen  0.00/turn              (no ring)

@: flying, very slightly contaminated
A: sickness immunity, fire resistance 2, cold vulnerability 1, float, innate
caster, hp casting, extra vitality 1
a: no special abilities


You were on level 6 of the Dungeon.
You visited 1 branch of the dungeon, and saw 6 of its levels.

You collected 216 gold pieces.

Inventory:

Hand Weapons
 b - a +0 dagger (weapon)
Missiles
 k - 2 throwing nets
Armour
 a - a +0 robe (worn)
 q - a +2 cloak (worn)
 t - a +0 helmet
 u - a +1 hat of willpower (worn)
Jewellery
 i - a ring of ice
 n - a ring of fire
 w - a ring of ice
 x - a ring of ice
Wands
 g - a wand of iceblast (13)
 s - a wand of flame (11)
Scrolls
 c - 3 scrolls of teleportation {unknown}
 d - 4 scrolls of identify {unknown}
 e - a scroll of amnesia {unknown}
 l - 2 scrolls of acquirement {unknown}
 m - a scroll of noise {unknown}
 o - a scroll of enchant armour {unknown}
 p - a scroll of torment {unknown}
 y - a scroll of magic mapping {unknown}
Potions
 f - a potion of mutation {unknown}
 h - 2 potions of lignification {unknown}
 j - 3 potions of ambrosia {unknown}
 r - a potion of invisibility {unknown}
 v - a potion of flight {unknown}
 z - a potion of cancellation {unknown}
 A - a potion of might {unknown}


   Skills:
 - Level 3.2 Dodging
 + Level 5.7 Stealth
 + Level 5.1 Spellcasting
 + Level 5.2 Evocations


You couldn't memorise any spells.
You knew the following spells:

 Your Spells              Type           Power      Damage    Failure   Level
a - Sting                 Tmut/Pois      96%        1d7       1%          1
b - Poisonous Vapours     Pois/Air       48%        N/A       2%          2
c - Mephitic Cloud        Conj/Pois/Air  24%        N/A       4%          3
d - Ignite Poison         Fire/Tmut/Pois 24%        N/A       4%          3
e - Olgreb's Toxic Radia  Pois           24%        N/A       14%         4
f - Apportation           Tloc           48%        N/A       1%          1
g - Ensorcelled Hibernat  Hex/Ice        48%        N/A       2%          2
h - Call Imp              Summ           24%        N/A       2%          2
Your spell library was empty.

Dungeon Overview and Level Annotations

Branches:
Dungeon (6/15)             Temple (0/1) D:6

Altars:
Gozag
Sif Muna
Vehumet

Annotations:
D:4 1 runed translucent door, Crazy Yiuf


Innate Abilities, Weirdness & Mutations

You are immune to sickness and miasma.
You are immune to poison.
Your flesh is very heat resistant. (rF++)
You are vulnerable to cold. (rC-)
You float through the air rather than walking.
You learn spells naturally, not from books.
Your magical power is your life essence.
You have superior vitality. (+4 HP)


Message History

Casting: Call Imp (safe; 2% risk of failure)
Confirm with . or Enter, or press ? or * to list all spells.
You miscast Call Imp.
You are very lightly contaminated with residual magic.
Nothing appears to happen.
The phantom hits you but does no damage.
Your white imp hits the iguana but does no damage.
Casting: Call Imp (safe; 2% risk of failure)
Confirm with . or Enter, or press ? or * to list all spells.
A beastly little devil appears in a puff of flame.
* * * LOW HITPOINT WARNING * * *
The iguana bites your white imp!
The phantom hits you but does no damage.
Your white imp gestures at the iguana.
The puff of frost hits the iguana.
You closely miss the iguana.
The iguana is almost dead.
The iguana misses you.
The phantom hits you but does no damage.
Your crimson imp blinks!
Your white imp hits the iguana but does no damage.
You hit the iguana.
The iguana is almost dead.
You kill the iguana!
The phantom barely misses you.
Your white imp gestures at the phantom.
The puff of frost hits the phantom.
The phantom resists.
Your crimson imp hits the phantom.
You closely miss the phantom.
The phantom is lightly damaged.
The phantom hits you!
* * * LOW HITPOINT WARNING * * *
Your white imp hits the phantom.
Your white imp freezes the phantom.
The phantom completely resists.
Your crimson imp hits the phantom.
Casting: Call Imp (safe; 2% risk of failure)
Confirm with . or Enter, or press ? or * to list all spells.
A beastly little devil appears in a puff of flame.
* * * LOW HITPOINT WARNING * * *
The phantom hits you!
You die...

####..........
##.).###### ##
##.## .# #.#
######.#
#.####......#
#...........#
#.....###.5.>...#
##.#### #..55..#
# #..@W..#
########


You could see a phantom (ally target), 2 friendly crimson imps and a friendly
white imp (summoned).

Vanquished Creatures
  Grinder (D:3)
  Eustachio (D:4)
  Edmund (D:4)
  4 ogres
  A phantom (D:5)
  A kobold brigand (D:6)
  A water moccasin skeleton (D:5)
  A bullfrog zombie (D:5)
  A hound (D:5)
  Jessica (D:2)
  2 iguanas
  Terence (D:2)
  An orc wizard (D:3)
  Robin (D:4)
  10 gnolls
  2 adders
  4 worms
  2 dart slugs
  4 orcs (D:3)
  2 ball pythons (D:2)
  6 endoplasms
  A giant cockroach (D:4)
  3 goblins
  6 hobgoblins
  9 jackals
  10 kobolds
  6 quokkas
  3 bats
  3 frilled lizards
  3 rats
92 creatures vanquished.

Vanquished Creatures (collateral kills)
  A bullfrog skeleton (D:5)
  A hound skeleton (D:4)
  An adder (D:5)
  An ufetubus (D:5)
  2 worms (D:4)
  4 orcs (D:5)
  2 hobgoblins (D:4)
  6 goblins (D:4)
18 creatures vanquished.

Vanquished Creatures (others)
  8 plants (D:3)
8 creatures vanquished.

Grand Total: 118 creatures vanquished

Notes
Turn   | Place    | Note
-------+----------+-------------------------------------------
     0 | D:1      | bilbop the Djinni Venom Mage began the quest for the Orb.
     0 | D:1      | Reached XP level 1. HP: 15/15 MP: 0/0
   468 | D:1      | Reached XP level 2. HP: 17/21 MP: 0/0
   867 | D:1      | Found a faded altar of an unknown god.
  1657 | D:2      | Reached XP level 3. HP: 16/25 MP: 0/0
  1657 | D:2      | Learned a level 1 spell: Apportation
  1932 | D:2      | Reached XP level 4. HP: 28/31 MP: 0/0
  2397 | D:2      | Reached XP level 5. HP: 19/35 MP: 0/0
  2397 | D:2      | Learned a level 2 spell: Ensorcelled Hibernation
  2580 | D:2      | Reached skill level 1 in Evocations
  2716 | D:2      | Noticed Jessica
  2726 | D:2      | Killed Jessica
  2823 | D:2      | Noticed Terence
  2829 | D:2      | Killed Terence
  3289 | D:3      | Found an opulent altar of Gozag.
  3491 | D:3      | Reached XP level 6. HP: 12/40 MP: 0/0
  4350 | D:3      | Noticed Grinder
  4354 | D:3      | Killed Grinder
  4355 | D:3      | Reached XP level 7. HP: 24/45 MP: 0/0
  4355 | D:3      | Learned a level 2 spell: Call Imp
  5178 | D:4      | Noticed Robin
  5199 | D:4      | Killed Robin
  5470 | D:4      | Found a runed translucent door.
  5471 | D:4      | Noticed Crazy Yiuf
  5518 | D:4      | Noticed Eustachio
  5526 | D:4      | Killed Eustachio
  5527 | D:4      | Reached XP level 8. HP: 34/50 MP: 0/0
  5794 | D:4      | Noticed Edmund
  5802 | D:4      | Killed Edmund
  6198 | D:5      | Entered Level 5 of the Dungeon
  6201 | D:5      | Reached skill level 5 in Stealth
  6679 | D:5      | Reached skill level 5 in Spellcasting
  6679 | D:5      | Reached skill level 5 in Evocations
  7263 | D:6      | Found a staircase to the Ecumenical Temple.
  7283 | D:6      | Slain by a phantom

Illustrated notes

Levels and vault maps discovered:
D:1:      minmay_arrival_arboretum_small, layout_basic,
          ebering_ecumenical_altar_rust, skrybe_limestone_x,
          grunt_decor_one_mirror
D:2:      layout_loops_ring, supply_closet_lemuel, uniq_terence, uniq_jessica
D:3:      layout_loops_cross, nicolae_overflow_crystal_walls,
          serial_bayou_pond_c, corner_web_ring, minmay_misc_feat_ornament,
          uniq_grinder
D:4:      layout_rooms, marbit_many_paths, lemuel_crystal_altar,
          kennysheep_path_1, uniq_eustachio, uniq_edmund, uniq_robin,
          uniq_crazy_yiuf_cottage
D:5:      layout_rooms
D:6:      layout_loops_cross, grunt_temple_overflow_cloverleaf,
          nicolae_tso_besieged_by_evil, kennysheep_little_box,
          minmay_temple_entry_overgrown, uniq_blork_the_orc

Skill      XL: |  1  2  3  4  5  6  7  8 |
---------------+-------------------------+-----
Stealth        | 2 3 4 5 |  5.7
Dodging        | 3 |  3.2
Spellcasting   | 3 4 5 |  5.1
Evocations     | 1 3 5 |  5.2

Action                   |  1- 3 |  4- 6 |  7- 9 || total
-------------------------+-------+-------+-------++-------
Melee: Unarmed           |     6 |       |       ||     6
       Dagger            |    26 |    37 |    37 ||   100
 Cast: Sting             |    30 |    52 |    25 ||   107
       Poisonous Vapours |     2 |     8 |    11 ||    21
       Mephitic Cloud    |       |     8 |     6 ||    14
       Ignite Poison     |       |     9 |    16 ||    25
       Call Imp          |       |       |    44 ||    44
       Olgreb's Toxic Ra |       |       |     3 ||     3
 Stab: Sleeping          |     3 |     2 |     2 ||     7
       Distracted        |       |       |     1 ||     1
Armor: Robe              |     2 |     9 |    29 ||    40
Dodge: Dodged            |    24 |    33 |    51 ||   108

Table legend: (Time is in decaauts)
 A = Elapsed time spent in this place.
 B = Non-inter-level travel time spent in this place.
 C = Inter-level travel time spent in this place.
 D = Time resting spent in this place.
 E = Time spent auto-exploring this place.
 F = Levels seen in this place.
 G = Mean time per level.
                   A        B        C        D        E       F      G
               +--------+--------+--------+--------+--------+-----+--------+
         Total |   7281 |   7080 |    201 |   2228 |   4034 |   6 | 1213.5 |
       Dungeon |   7281 |   7080 |    201 |   2228 |   4034 |   6 | 1213.5 |
               +--------+--------+--------+--------+--------+-----+--------+

Top non-repeatable levels by time:
     D:2: 1640 daAuts
     D:1: 1639 daAuts
     D:4: 1567 daAuts
     D:3: 1348 daAuts
     D:5: 961 daAuts
     D:6: 122 daAuts
